 Dungeon Crawl Stone Soup version 0.19.0-22-gd96e5fe (webtiles) character file.

89 jerryfan the Poker (level 4, -1/40 HPs)
             Began as a Hill Orc Monk on Nov 18, 2016.
             Slain by a hobgoblin
             ... wielding a +0 club
             ... led by Robin
              (4 damage)
             ... on level 2 of the Dungeon.
             The game lasted 00:07:59 (1617 turns).

jerryfan the Poker (Hill Orc Monk)                  Turns: 1617, Time: 00:08:00

Health: -1/40      AC:  6    Str: 14    XL:     4   Next: 55%
Magic:  4/4        EV: 11    Int: 12    God:
Gold:   102        SH:  0    Dex: 13    Spells: 0 memorised, 3 levels left

rFire  + . .     SeeInvis .     a - +1 spear
rCold  . . .     Gourm    .     j - +0 ring mail
rNeg   . . .     Faith    .     (no shield)
rPois  .         Spirit   .     (no helmet)
rElec  .         Reflect  .     d - +0 cloak
rCorr  .         Harm     .     (no gloves)
MR     .....                    (no boots)
Stlth  +.........               i - amulet of regeneration
                                (no ring)
                                g - ring of protection from fire

@: no status effects
A: clever 1
a: no special abilities


You were on level 2 of the Dungeon.
You were not hungry.

You visited 1 branch of the dungeon, and saw 2 of its levels.

You collected 102 gold pieces.

Inventory:

Hand Weapons
 a - a +1 spear (weapon)
Missiles
 e - 6 tomahawks (quivered)
Armour
 b - a +0 robe
 d - a +0 cloak (worn)
 j - a +0 ring mail (worn)
Jewellery
 g - a ring of protection from fire (left hand)
 i - an amulet of regeneration (around neck)
Scrolls
 h - a scroll of recharging
Potions
 l - a potion of cancellation
Comestibles
 c - a bread ration
 f - 6 chunks of flesh
 k - 2 meat rations


   Skills:
 + Level 4.2 Fighting
 + Level 4.6 Polearms
 + Level 0.1 Throwing
 + Level 0.4 Armour
 + Level 3.0 Dodging
 + Level 1.6 Stealth


You had 3 spell levels left.
You didn't know any spells.

Dungeon Overview and Level Annotations

Branches:
Dungeon (2/15)

Altars:


Innate Abilities, Weirdness & Mutations

Your mind is acute. (Int +2)


Message History

Your Dodging skill increases to level 3!
The hobgoblin barely misses you. The goblin closely misses you.
The hobgoblin hits you.
* * * LOW HITPOINT WARNING * * *
You hit the hobgoblin.
The hobgoblin is lightly wounded.
The hobgoblin no longer looks unusually strong. x2
The hobgoblin hits you but does no damage.
The goblin closely misses you. The hobgoblin barely misses you.
You hit the hobgoblin but do no damage.
The hobgoblin is lightly wounded.
The hobgoblin hits you with a club.
* * * LOW HITPOINT WARNING * * *
The goblin closely misses you.
You closely miss the hobgoblin.
The hobgoblin is lightly wounded.
The hobgoblin hits you.
* * * LOW HITPOINT WARNING * * *
The hobgoblin hits you with a club.
You die...

************#.##.##....#....
*<,,,,,,,,..#....##.#..#....
**********#.####.##.#<.#....
#.#.......#..#....
#.#.###.###.##....
#.#...............
####.#####.###.###... #..)g#
#........... #..g@#
#..##.###### #..)g# #...#.#
####....# #####.#+##
#..+....# #........#
#.##....# #........#
#.##....# #........#####
#######.##....#
#......>.'....
#.........#####
#........##### #.........#
#........#


You could see 2 hobgoblins and a goblin.

Vanquished Creatures
  Robin (D:2)
  2 adders (D:2)
  An ooze (D:2)
  A worm (D:2)
  3 leopard geckos
  2 giant cockroaches
  7 goblins
  7 hobgoblins
  7 jackals (D:1)
  4 kobolds
  A quokka (D:2)
  2 ball pythons (D:1)
  2 bats
  2 frilled lizards
  8 rats
50 creatures vanquished.

Notes
Turn   | Place    | Note
-------+----------+-------------------------------------------
     0 | D:1      | jerryfan the Hill Orc Monk began the quest for the Orb.
     0 | D:1      | Reached XP level 1. HP: 19/19 MP: 1/1
   227 | D:1      | Reached XP level 2. HP: 27/27 MP: 2/2
   561 | D:1      | Reached XP level 3. HP: 29/33 MP: 3/3
   864 | D:1      | Gained mutation: Your mind is acute. (Int +2) [potion of beneficial mutation]
  1459 | D:2      | Reached XP level 4. HP: 40/40 MP: 4/4
  1594 | D:2      | Noticed Robin
  1613 | D:2      | Killed Robin
  1617 | D:2      | Slain by a hobgoblin

Skill      XL: |  1  2  3  4 |
---------------+-------------+-----
Polearms       | 4 |  4.6
Fighting       | 4 |  4.2
Dodging        | 3 |  3.0
Throwing       | |  0.1
Armour         | |  0.4
Stealth        | |  1.6

Action                   |  1- 3 |  4- 6 || total
-------------------------+-------+-------++-------
Melee: Spear             |   142 |    52 ||   194
Throw: Tomahawk          |    11 |       ||    11
  Use: Scroll            |     4 |       ||     4
       Potion            |     6 |       ||     6
 Stab: Sleeping          |     3 |       ||     3
       Invisible         |     1 |       ||     1
  Eat: Chunk             |     2 |     1 ||     3
Armor: Robe              |    15 |       ||    15
       Ring mail         |    19 |    22 ||    41
Dodge: Dodged            |    76 |    50 ||   126
